 Dungeon Crawl Stone Soup version 0.20-a0-217-g17e8ceb (webtiles) character file.

582319 tbh1313 the Impregnable (level 25, -9/223 HPs)
             Began as a Minotaur Berserker on Nov 28, 2016.
             Was the Champion of the Shining One.
             Engulfed by an ushabti's foul pestilence (15 damage)
             ... on level 2 of the Tomb of the Ancients.
             The game lasted 03:28:31 (69341 turns).

tbh1313 the Impregnable (Minotaur Berserker)       Turns: 69341, Time: 03:28:31

Health: -9/223     AC: 45    Str: 28    XL:     25   Next: 97%
Magic:  29/29      EV: 20    Int:  8    God:    the Shining One [******]
Gold:   6151       SH: 10    Dex: 19    Spells: 24/24 levels left

rFire  + + .     SeeInvis .     a - +8 triple sword (holy)
rCold  + + .     Gourm    .     t - +8 gold dragon scales
rNeg   + + +     Faith    .     (shield currently unavailable)
rPois  +         Spirit   .     (helmet unavailable)
rElec  .         Reflect  .     S - +2 cloak {rC+}
rCorr  .         Harm     .     Y - +2 pair of gloves {archery}
MR     +....                    u - +2 pair of boots
Stlth  ..........               P - amulet of Zenuzxeg {rC- rN+++ Regen+ Dex+5}
                                g - ring of protection from fire
                                B - ring of protection from cold

@: lethally poisoned (-9 -> -13), divine shield, slowed, glowing, very slow
A: retaliatory headbutt, horns 3, agile 1
}: 3/15 runes: decaying, serpentine, silver
a: Divine Shield, Cleansing Flame, Summon Divine Warrior, Renounce Religion


You were on level 2 of the Tomb of the Ancients.
You worshipped the Shining One.
The Shining One was exalted by your worship.
You were not hungry.

You visited 12 branches of the dungeon, and saw 51 of its levels.
You visited the Abyss 1 time.
You also visited: Labyrinth, Ice Cave and Wizlab.

You collected 8127 gold pieces.
You spent 1976 gold pieces at shops.


Innate Abilities, Weirdness & Mutations

You reflexively headbutt those who attack you in melee.
You have a pair of large horns on your head.
You are agile. (Dex +2)


   Skills:
 + Level 17.7 Fighting
 - Level 24.2 Long Blades
 - Level 24.0 Crossbows
 - Level 24.5 Armour
 - Level 20.0 Dodging
   Level 7.1 Shields
 + Level 10.1 Invocations
 - Level 7.5 Evocations


You had 24 spell levels left.
You didn't know any spells.

Dungeon Overview and Level Annotations

Branches:
Dungeon (15/15)            Temple (1/1) D:4            Lair (6/6) D:10
  Swamp (4/4) Lair:2        Snake (4/4) Lair:2        Slime (0/5) Lair:5
    Orc (2/2) D:11            Elf (3/3) Orc:2        Vaults (5/5) D:13
  Crypt (3/3) Vaults:3       Tomb (2/3) Crypt:3      Depths (5/5) D:15
    Zot (1/5) Depths:5

Altars:
Ashenzari
Cheibriados
Dithmenos
Elyvilon
Fedhas
Gozag
Hepliaklqana
Kikubaaqudgha
Makhleb
Nemelex Xobeh
Okawaru
Qazlal
Ru
Sif Muna
Trog
Uskayaw
Vehumet
Xom
Yredelemnul
Zin
The Shining One
Beogh
Jiyva

Shops:
D:11 [   D:12 [   Orc:2 (([[   Elf:1 %   Elf:2 !   Vaults:1 *   Vaults:2 *
Vaults:3 !   Vaults:4 %   Depths:1 }   Depths:2 ==?   Depths:4 :   Depths:5 *

Portals:
Hell: Depths:1 Depths:2 Depths:3 Depths:4 Depths:5
Abyss: Depths:2 Depths:4
Pandemonium: Depths:3 Depths:5
Ziggurat: Depths:4

Annotations:
Depths:1 exclusion: obsidian statue

Inventory:

Hand Weapons
 a - a +8 triple sword of holy wrath (weapon)
   (Trog gifted it to you on level 4 of the Snake Pit)
 b - a +7 arbalest of flaming
   (Trog gifted it to you on level 4 of the Vaults)
 E - the +10 triple sword of Suicidal Tendencies {antimagic, rElec rN+ MR+++ Str-2}
   (Trog gifted it to you on level 2 of the Orcish Mines)

   It reduces the magical energy of the wielder, and disrupts the spells and
   magical abilities of those hit.
   Natural abilities and divine invocations are not affected.
   It affects your strength (-2).
   It insulates you from electricity.
   It protects you from negative energy.
   It affects your resistance to hostile enchantments.
Missiles
 y - 2448 bolts
Armour
 t - +8 gold dragon scales (worn)
 u - a +2 pair of boots (worn)
 S - a +2 cloak of cold resistance (worn)
   (You found it in an ice cave)
 Y - a +2 pair of gloves of archery (worn)
   (You found it on level 4 of the Vaults)
Rods
 J - a +2 rod of ignition (11/11)
   (You found it on level 3 of the Crypt)
Jewellery
 f - the ring of Dishonour {rN+ Dex+4, unknown}
   (You found it on level 3 of the Crypt)

   [ring of positive energy]

   It affects your dexterity (+4).
   It protects you from negative energy.
 g - a ring of protection from fire (right hand)
 s - an uncursed ring of flight
 v - an uncursed ring of positive energy
 x - an uncursed ring of see invisible
 A - the ring "Egeh" {rN+ Slay+3, unknown}
   (You found it on level 3 of the Crypt)

   [ring of positive energy]

   It affects your accuracy and damage with ranged weapons and melee attacks
   (+3).
   It protects you from negative energy.
 B - a ring of protection from cold (left hand)
 D - an uncursed ring of poison resistance
 I - a +3 ring of intelligence
 L - an uncursed ring of protection from magic
 P - the amulet of Zenuzxeg (around neck) {rC- rN+++ Regen+ Dex+5}
   (You found it in a labyrinth)

   [amulet of regeneration]

   It affects your dexterity (+5).
   It makes you vulnerable to cold.
   It renders you almost immune to negative energy.
   It increases your rate of regeneration.
Wands
 e - a wand of flame (39/48)
 h - a wand of iceblast (10/15)
 l - a wand of confusion (13/48)
 p - a wand of lightning (7/15)
 r - a wand of acid (7/15)
 C - a wand of teleportation (7/9)
 G - a wand of digging (10/24)
Scrolls
 j - 17 scrolls of identify
 n - 9 scrolls of teleportation
 o - 22 scrolls of remove curse
 q - 7 scrolls of recharging
 w - 9 scrolls of magic mapping
 V - 5 scrolls of blinking
Potions
 d - 3 potions of haste
 i - 3 potions of might
 k - 3 potions of flight
 m - 14 potions of curing
 F - 2 potions of agility
 H - 2 potions of resistance
 M - 3 potions of cancellation
 O - a potion of brilliance
 Q - a potion of ambrosia
 T - 2 potions of invisibility
Books
 K - the Collected Works on Icy Clay
   (You found it on level 1 of the Tomb of the Ancients)

   Spells                             Type                      Level
   a - Ensorcelled Hibernation        Hexes/Ice                    2
   b - Summon Ice Beast               Ice/Summoning                4
   c - Bolt of Cold                   Conjuration/Ice              6
   d - Iron Shot                      Conjuration/Earth            6
Miscellaneous
 z - 2 phantom mirrors
Comestibles
 c - 27 bread rations

........##... ..
............ ...
.........# ...#
#.......# .
../.##...(...##..
#...............
##...............
#......8@§L..M...
......†..<§§8....
.................
.......§....M....
.......§.........
....##.§.....##..
...# #.......# .
... .........# ..
...........


You could see a lich (dazed), a mummy priest (dazed), a guardian mummy (dazed)
and 2 ushabtiu.


Message History

You destroy the mummy priest!
The Shining One accepts your kill.
You feel better.
You feel your power returning.
You feel extremely nervous for a moment...
Death has come for you...
The revenant convulses!
You destroy the revenant!
The Shining One accepts your kill.
You feel better.
You feel your power returning.
The reaper convulses!
The guardian mummy convulses!
The reaper convulses!
The death scarab convulses!
You destroy the death scarab!
The Shining One accepts your kill.
You feel better.
You are engulfed in dark miasma.
You feel your flesh rotting away!
You feel as though you will be slow longer.
You feel very sick. You block the reaper's attack.
The ancient lich is lost in a daze.
The ushabti hits you but does no damage.
A mummy priest and a death scarab come into view.
You feel very sick.
You hear a distant "Zot"!
The ancient lich completely misses you. You furiously retaliate!
You headbutt the ancient lich, but do no damage.
The reaper completely misses you.
The mummy priest calls on the powers of darkness!
Your body is wracked with pain!
* * * LOW HITPOINT WARNING * * *
You hear a distant "Zot"!
You block the ushabti's attack.
The ancient lich touches you but does no damage.
The ushabti shakes and rattles.
The vile air hits the death scarab.
The vile air hits you!
The vile air hits the ushabti.
The lich is lost in a daze.
A guardian mummy comes into view.
As you read the scroll of holy word, it crumbles to dust.
You speak a Word of immense power!
The death scarab convulses!
You destroy the death scarab!
The Shining One accepts your kill.
The lich convulses!
The guardian mummy convulses!
You destroy the guardian mummy!
The Shining One accepts your kill.
You feel better.
You feel extremely nervous for a moment...
Pain shoots through your body!
* * * LOW HITPOINT WARNING * * *
The ancient lich convulses!
You destroy the ancient lich!
The Shining One accepts your kill.
You feel better.
Your Invocations skill increases to level 10!
The reaper convulses!
You kill the reaper!
The reaper convulses!
You kill the reaper!
The guardian mummy convulses!
The mummy priest convulses!
You are engulfed in dark miasma.
You feel your flesh rotting away!
You feel as though you will be slow longer.
* * * LOW HITPOINT WARNING * * *
You feel very sick. You block the ushabti's attack.
The lich points at you and mumbles some strange words.
The lance of force hits you!
* * * LOW HITPOINT WARNING * * *
You are knocked back by the lance of force.
You collide with the ushabti!
The ushabti shakes and rattles.
The vile air hits you!
The vile air hits the ushabti.
You feel better.
You are engulfed in dark miasma.
You are poisoned.
You die...

Vault maps used:
D:1:      erik_arrival_gehennom, minmay_misc_feat_roman, minivault_19
D:3:      led_sif_pool, fedhas_altar_2, uniq_jessica
D:4:      elyvilon_altar_4, nicolae_overflow_crystal_walls
D:5:      first_bread
D:6:      old_standard_altar, kennysheep_little_box, lemuel_crystal_altar
D:7:      kennysheep_mini_moat, old_standard_altar, the_bakery
D:8:      lemuel_doored_altar, brannock_xom_greatest_gift,
          nemelex_xobeh_ov_fountains_minmay, special_room, uniq_erica,
          uniq_maurice, uniq_pikel
D:10:     david_lair_shrubbed, basic_altar, nemelex_diamond_rough_becter
D:11:     kennysheep_orc_monster_closet_entryway, serial_shops,
          nicolae_shop_waterfront
D:12:     lab_entry_generic, serial_shops, nicolae_shop_waterfront
D:13:     grunt_vaults_entry_fortified, uniq_sonja, uniq_erolcha, uniq_frances
D:14:     amethyst_killhole, portal_ice_cave_entry_pillars_1
D:15:     grunt_enter_depths_hoard
Temple:   grunt_temple_mini_profane
Lair:1:   grunt_megastairs_4
Lair:2:   nicolae_swamp_entry_splash_gauntlet, roderic_carrion_pond,
          uniq_gastronok, uniq_nergalle
Lair:3:   serial_bayou_pond_c, uniq_rupert
Lair:4:   cheibrodos_lair_lostbears
Lair:5:   slime_altar_1, grunt_forest_large_clearings, grunt_megastairs_5
Lair:6:   minmay_lair_end_frog_pond
Swamp:1:  evilmike_swamp_ruin_house_1, nicolae_swamp_dragon_and_kin
Swamp:2:  nicolae_swamp_stair_fork, swamp_pool2
Swamp:3:  evilmike_swamp_ruin_rubble_2, swamp_pool4, nicolae_swamp_godswood
Swamp:4:  swamp_alternative
Snake:2:  hangedman_snake_corridor_cut
Snake:4:  grunt_snake_rune_pools, uniq_aizul
Orc:2:    grunt_orc_community_town_hall, grunt_orc_community_big_house_1,
          grunt_orc_community_big_house_2, grunt_orc_community_house_2,
          grunt_orc_community_house_3, grunt_orc_community_house_2,
          grunt_orc_community_house_1, nicolae_orc_stony_grotto
Elf:1:    serial_shops, shop, serial_aquarium, aquarium_bridge_square,
          aquarium_window_2, aquarium_window_fake, aquarium_view_2d,
          aquarium_view_2g, aquarium_balcony_3b, minmay_elf_sorcery, uniq_nikola
Elf:2:    serial_shops, nicolae_shop_temple_entry_statues_fountains,
          lightli_enter_wizlab_magi_temple, sword_in_stone
Elf:3:    grunt_elf_hall_asides, stair_cage_cross, st_stairs_1, spider_trap,
          uniq_saint_roka, uniq_louise
Vaults:1: hangedman_vaults_river_flow, nicolae_vaults_little_squares_1,
          grunt_vaults_twisty, vaults_dpeg_ring,
          vaults_room_hangedman_quadrants, vaults_dpeg_diagonal, serial_shops,
          nicolae_shop_crystal
Vaults:2: v_alt_pattern_1, ontoclasm_vaults_chip, v_pattern_2,
          nicolae_vaults_angled_halls, nicolae_vaults_puzzle_piece,
          vaults_room_corners, v_misc_26, hangedman_vaults_pinch,
          nicolae_vaults_angled_halls, serial_shops, nicolae_shop_crystal
Vaults:3: nicolae_vaults_triangles, ontoclasm_vaults_spin,
          nicolae_vaults_hallways_thing, nicolae_vaults_theta,
          nicolae_vaults_network_s, minmay_crypt_entry_simple_round,
          nicolae_vaults_puzzle_piece, v_misc_27,
          nicolae_vaults_network_barrier, nicolae_vaults_branching_niches,
          vaults_room_grid, nicolae_vaults_little_squares_4,
          nicolae_vaults_little_squares_1, serial_shops, shop
Vaults:4: v_misc_11, nicolae_vaults_yaktaur_gun_rack, v_rooms_2, v_misc_4,
          ontoclasm_vaults_ligature, v_misc_19, v_misc_10,
          nicolae_vaults_three_branches, ontoclasm_vaults_loading_screen,
          dpeg_vaults_waves, ontoclasm_vaults_hangar, serial_shops, shop
Crypt:1:  grunt_crypt_arrival_guarded_gate
Crypt:2:  uniq_sojobo
Crypt:3:  quadcrypt_mu
Depths:1: nrook_mini_vaults, grunt_hell_entry_demonic_statue, hex_tiny,
          nicolae_for_you_no_charge
Depths:2: minmay_roctagon, kennysheep_decorative_pillar,
          nicolae_abyss_entry_one_way_or_another, pf_dread_powers_of_hell,
          serial_bayou_shore_b, minmay_shop_star
Depths:3: minmay_octo_star, hell_entry, rand_demon_pan_entry_4, firewood_loft
Depths:4: hangedman_surveillance_ring, enter_ziggurat_a, serial_shops,
          kennysheep_mini, minmay_misc_feat_enclosed, abyss_entry, hell_entry,
          hex_intersection, kennysheep_dice
Depths:5: evilmike_zot_entry_gauntlet, dk_noncrumbling_3,
          rand_demon_pan_entry_7, hell_entry, nicolae_transmutations_shop
Zot:1:    grunt_megastairs_3
Abyss:3:  evilmike_abyss_exit_plants
Abyss:4:  nicolae_abyss_rune_star_stuff
Abyss:5:  hangedman_decor_points, hangedman_abyss_overflow_altar,
          nicolae_abyss_rune_left_handed
Lab:      labyrinth_green, nicolae_lab_big_swirl, lab_statue, lab_fountain,
          labyrinth_skeletal_remains, nicolae_lab_checkerboard,
          nicolae_lab_t_cross
IceCv:    ice_cave_small_giant
WizLab:   wizlab_zonguldrok

Notes
Turn   | Place    | Note
-------+----------+-------------------------------------------
     0 | D:1      | tbh1313 the Minotaur Berserker began the quest for the Orb.
     0 | D:1      | Reached XP level 1. HP: 19/19 MP: 0/0
   114 | D:1      | Reached skill level 4 in Long Blades
   292 | D:1      | Reached XP level 2. HP: 26/26 MP: 1/1
   612 | D:1      | Reached skill level 5 in Long Blades
   825 | D:2      | Reached XP level 3. HP: 25/31 MP: 2/2
  1103 | D:2      | Reached ** piety under Trog
  1166 | D:2      | Reached XP level 4. HP: 39/39 MP: 3/3
  1238 | D:2      | Reached skill level 6 in Long Blades
  1553 | D:3      | Noticed Jessica
  1559 | D:3      | Killed Jessica
  1640 | D:3      | Found a deep blue altar of Sif Muna.
  1693 | D:3      | Reached XP level 5. HP: 42/45 MP: 4/4
  1700 | D:3      | Reached skill level 7 in Long Blades
  1978 | D:3      | Found a blossoming altar of Fedhas.
  2122 | D:4      | Found a staircase to the Ecumenical Temple.
  2285 | D:4      | Found a white marble altar of Elyvilon.
  2295 | D:4      | Reached *** piety under Trog
  2508 | D:4      | Found a burning altar of Makhleb.
  2615 | D:5      | Entered Level 5 of the Dungeon
  2646 | D:5      | Reached skill level 8 in Long Blades
  2646 | D:5      | Reached XP level 6. HP: 31/51 MP: 5/5
  2828 | D:5      | Noticed a sky beast
  2839 | D:5      | Killed a sky beast
  2939 | D:5      | Reached skill level 9 in Long Blades
  3002 | D:5      | Noticed an ice beast
  3012 | D:5      | Killed an ice beast
  3012 | D:5      | Reached XP level 7. HP: 30/57 MP: 6/6
  3174 | D:5      | Reached skill level 10 in Long Blades
  3260 | D:5      | Reached skill level 1 in Shields
  3311 | D:5      | Reached skill level 2 in Shields
  3394 | D:5      | Reached skill level 11 in Long Blades
  3527 | D:6      | Reached skill level 3 in Shields
  3527 | D:6      | Reached XP level 8. HP: 64/64 MP: 7/7
  3845 | D:6      | Found an opulent altar of Gozag.
  3853 | D:6      | Found an ancient bone altar of Kikubaaqudgha.
  3885 | D:6      | Reached skill level 4 in Shields
  4236 | D:6      | Found a glowing golden altar of the Shining One.
  4321 | D:6      | HP: 14/64 [iguana (8)]
  4325 | D:6      | Reached skill level 12 in Long Blades
  4737 | D:7      | Reached **** piety under Trog
  4738 | D:7      | Reached skill level 5 in Shields
  5201 | D:7      | Reached XP level 9. HP: 70/70 MP: 8/8
  5243 | D:7      | Found a bloodstained altar of Trog.
  5288 | D:7      | Reached skill level 13 in Long Blades
  5346 | D:7      | Reached skill level 6 in Shields
  5682 | D:7      | Found an iron altar of Okawaru.
  5786 | D:8      | Noticed Maurice
  5797 | D:8      | Killed Maurice
  5858 | D:8      | Reached skill level 7 in Shields
  6079 | D:8      | Found a shimmering altar of Xom.
  6106 | D:8      | Found a sparkling altar of Nemelex Xobeh.
  6111 | D:8      | Reached skill level 14 in Long Blades
  6263 | D:8      | Noticed Pikel
  6269 | D:8      | Reached skill level 3 in Armour
  6269 | D:8      | Reached skill level 3 in Dodging
  6290 | D:8      | Killed Pikel
  6290 | D:8      | Reached ***** piety under Trog
  6290 | D:8      | Reached skill level 4 in Armour
  6290 | D:8      | Reached skill level 4 in Dodging
  6379 | D:8      | Found a hazy altar of Hepliaklqana.
  6436 | D:8      | Reached skill level 5 in Armour
  6436 | D:8      | Reached XP level 10. HP: 60/77 MP: 9/9
  6663 | D:8      | Noticed Erica
  6689 | D:8      | Killed Erica
  6689 | D:8      | Reached skill level 5 in Dodging
  6742 | D:8      | Reached skill level 6 in Armour
  6790 | D:9      | Reached skill level 6 in Dodging
  7018 | D:9      | Reached skill level 7 in Armour
  7305 | D:10     | Entered Level 10 of the Dungeon
  7366 | D:10     | Found an iron altar of Okawaru.
  7366 | D:10     | Identified Vehumet's Handbook of Attacks
  7430 | D:10     | Reached skill level 7 in Dodging
  7439 | D:10     | Found a staircase to the Lair.
  7860 | D:10     | Reached skill level 8 in Armour
  7916 | D:10     | HP: 25/115 [orc priest/divine providence (13)]
  7924 | D:10     | HP: 16/77 [poisoned by an orc warrior]
  7929 | D:10     | HP: 16/77 [poisoned by an orc warrior]
  7934 | D:10     | HP: 16/77 [poisoned by an orc warrior]
  8247 | D:10     | Reached skill level 8 in Dodging
  8313 | D:10     | Found a sparkling altar of Nemelex Xobeh.
  8370 | D:10     | Reached skill level 9 in Armour
  8640 | D:10     | Noticed a hill giant
  8647 | D:10     | Killed a hill giant
  8647 | D:10     | Reached XP level 11. HP: 82/82 MP: 10/10
  8793 | D:11     | Killed an unseen horror
  8793 | D:11     | Reached skill level 9 in Dodging
  8838 | D:11     | Noticed a hill giant
  8845 | D:11     | Received a gift from Trog
  8848 | D:11     | Killed a hill giant
  8894 | D:11     | Reached skill level 10 in Armour
  8957 | D:11     | Found Ydanyevi's Armour Shoppe.
  8973 | D:11     | Noticed a hill giant
  8988 | D:11     | Killed a hill giant
  8992 | D:11     | Reached skill level 10 in Dodging
  9259 | D:11     | Reached skill level 11 in Armour
  9262 | D:11     | HP: 18/82 [yak (10)]
  9267 | D:11     | HP: 22/123 [yak (5)]
  9443 | D:11     | Found a staircase to the Orcish Mines.
  9878 | D:12     | Reached skill level 11 in Dodging
  9939 | D:12     | Reached skill level 12 in Armour
  9951 | D:12     | Received a gift from Trog
 10102 | D:12     | Found Soxicej's Armour Shoppe.
 10195 | D:12     | Reached XP level 12. HP: 85/90 MP: 11/11
 10239 | D:12     | Found a labyrinth entrance.
 10248 | Lab      | Entered a labyrinth
 10682 | Lab      | Noticed a minotaur
 10689 | Lab      | Killed a minotaur
 10877 | Lab      | Identified the Almanac of Calling and Boosts
 10879 | Lab      | Identified the amulet of Zenuzxeg {rC- rN+++ Regen+ Dex+5} (You found it in a labyrinth)
 10888 | Lab      | Got a shimmering golden amulet
 10899 | Lab      | Got a spiked chain mail
 10905 | D:12     | Identified the amulet "Soguc Logeis" {Faith rElec Stlth+} (You found it in a labyrinth)
 11144 | D:12     | Identified the +3 chain mail "Nued Neo" {rElec} (You found it in a labyrinth)
 11277 | D:12     | Identified a +5 rod of clouds (11/11) (You found it in a labyrinth)
 11357 | Lair:1   | Entered Level 1 of the Lair of Beasts
 11376 | Lair:1   | Got a dazzling falchion
 11511 | Lair:1   | Got a scorched cloak
 11522 | Lair:1   | Identified the +0 cloak "Kojikh" {Int+4 Stlth+} (You found it on level 1 of the Lair of Beasts)
 11623 | Lair:1   | Reached skill level 12 in Dodging
 11643 | Lair:1   | Reached skill level 13 in Armour
 11942 | Lair:1   | Identified the +4 falchion "Xom's Malicious Joy" {flame, +Fly} (You found it on level 1 of the Lair of Beasts)
 12397 | Lair:2   | Noticed a five-headed hydra
 12403 | Lair:2   | Killed a two-headed hydra
 12534 | Lair:2   | Noticed Nergalle
 12544 | Lair:2   | Killed Nergalle
 12588 | Lair:2   | Reached skill level 13 in Dodging
 12820 | Lair:2   | Reached skill level 14 in Armour
 13109 | Lair:2   | Received a gift from Trog
 13253 | Lair:2   | Found a staircase to the Swamp.
 13391 | Lair:2   | Reached skill level 14 in Dodging
 13402 | Lair:2   | Noticed Gastronok
 13413 | Lair:2   | Reached skill level 4 in Fighting
 13413 | Lair:2   | Reached XP level 13. HP: 95/96 MP: 12/12
 13433 | Lair:2   | Killed Gastronok
 13433 | Lair:2   | Reached skill level 5 in Fighting
 13498 | Lair:2   | Found a staircase to the Snake Pit.
 13695 | Lair:3   | Reached skill level 6 in Fighting
 14104 | Lair:3   | Noticed Rupert
 14106 | Lair:3   | Paralysed by Rupert for 7 turns
 14111 | Lair:3   | HP: 26/104 [Rupert/great mace of crushing (3)]
 14124 | Lair:3   | Killed Rupert
 14124 | Lair:3   | Reached skill level 8 in Fighting
 14846 | Lair:3   | Reached skill level 9 in Fighting
 15487 | Lair:4   | Reached skill level 10 in Fighting
 16060 | Lair:5   | Found a staircase to the Slime Pits.
 16060 | Lair:5   | Found a viscous altar of Jiyva.
 16140 | Lair:5   | Received a gift from Trog
 16142 | Lair:5   | Reached skill level 11 in Fighting
 16170 | Lair:5   | HP: 26/117 [yak (13)]
 16527 | Lair:5   | Reached skill level 12 in Fighting
 17195 | Lair:6   | Entered Level 6 of the Lair of Beasts
 17229 | Lair:6   | Reached skill level 13 in Fighting
 17607 | Lair:6   | HP: 18/122 [blink frog (13)]
 17612 | Lair:6   | HP: 9/122 [blink frog (11)]
 17623 | Lair:6   | Reached ****** piety under Trog
 17718 | Lair:5   | HP: 29/122 [black mamba (11)]
 18061 | Lair:6   | Reached XP level 14. HP: 129/129 MP: 13/13
 18210 | Lair:6   | Reached skill level 14 in Fighting
 18518 | Lair:6   | Reached skill level 1 in Evocations
 18545 | Lair:6   | Reached skill level 2 in Evocations
 18720 | Lair:6   | Reached skill level 3 in Evocations
 18757 | Lair:6   | Reached skill level 4 in Evocations
 19470 | Lair:6   | Received a gift from Trog
 19815 | D:13     | Reached skill level 5 in Evocations
 19896 | D:13     | Noticed Sonja
 19906 | D:13     | Killed Sonja
 19906 | D:13     | Reached skill level 6 in Evocations
 19946 | D:13     | Noticed Frances
 19952 | D:13     | Killed Frances
 20004 | D:13     | Reached skill level 7 in Evocations
 20364 | D:13     | Reached skill level 1 in Crossbows
 20409 | D:13     | Reached skill level 2 in Crossbows
 20419 | D:13     | Found a gate to the Vaults.
 20430 | D:13     | Reached skill level 3 in Crossbows
 20779 | D:13     | Noticed Erolcha
 20783 | D:13     | Killed Erolcha
 20783 | D:13     | Reached skill level 4 in Crossbows
 20876 | D:13     | Received a gift from Trog
 21018 | D:13     | Reached skill level 5 in Crossbows
 21018 | D:13     | Reached XP level 15. HP: 114/139 MP: 19/19
 21204 | D:14     | Found a frozen archway.
 21264 | IceCv    | Entered an ice cave
 21275 | IceCv    | Reached skill level 6 in Crossbows
 21532 | IceCv    | Reached skill level 7 in Crossbows
 21595 | IceCv    | Noticed a frost giant
 21613 | IceCv    | Killed a frost giant
 21613 | IceCv    | Reached skill level 8 in Crossbows
 22272 | D:14     | Reached skill level 9 in Crossbows
 22595 | D:14     | Received a gift from Trog
 23246 | D:15     | Entered Level 15 of the Dungeon
 23310 | D:15     | Gained mutation: You have a pair of large horns on your head. [potion of beneficial mutation]
 23322 | D:15     | Noticed smilodon's ghost (journeyman MiFi)
 23337 | D:15     | Killed smilodon's ghost
 23394 | D:15     | Reached skill level 15 in Long Blades
 23440 | D:15     | Found a staircase to the Depths.
 24259 | Orc:1    | Entered Level 1 of the Orcish Mines
 24471 | Orc:1    | Reached skill level 16 in Long Blades
 24549 | Orc:1    | Received a gift from Trog
 24735 | Orc:2    | Entered Level 2 of the Orcish Mines
 24756 | Orc:2    | Found a staircase to the Elven Halls.
 24826 | Orc:2    | Received a gift from Trog
 24914 | Orc:2    | Received a gift from Trog
 24915 | Orc:2    | Noticed Saint Roka
 24934 | Orc:2    | HP: 41/208 [soul eater/drain life[Saint Roka] (14)]
 24952 | Orc:2    | HP: 21/139 [orc warrior/battleaxe (19)]
 25472 | Orc:2    | Found a roughly hewn altar of Beogh.
 25547 | Orc:2    | Killed Saint Roka
 25556 | Orc:2    | Found Joghu's Antique Armour Emporium.
 25556 | Orc:2    | Found a roughly hewn altar of Beogh.
 25560 | Orc:2    | Found Gufedade's Antique Weapon Shoppe.
 25708 | Orc:2    | Found a roughly hewn altar of Beogh.
 25771 | Orc:2    | Found a roughly hewn altar of Beogh.
 25772 | Orc:2    | Found Jamebeiz's Weapon Emporium.
 25779 | Orc:2    | Received a gift from Trog
 25853 | Orc:2    | Found a roughly hewn altar of Beogh.
 25939 | Orc:2    | Found a roughly hewn altar of Beogh.
 25944 | Orc:2    | Received a gift from Trog
 25945 | Orc:2    | Got an ebony triple sword {god gift}
 25951 | Orc:2    | Identified the +10 triple sword of Suicidal Tendencies {antimagic, rElec rN+ MR+++ Str-2} (Trog gifted it to you on level 2 of the Orcish Mines)
 26058 | Orc:2    | Found Iffifuiz's Antique Armour Shoppe.
 26189 | Orc:2    | Bought a pair of runed gloves for 315 gold pieces
 26374 | Swamp:1  | Entered Level 1 of the Swamp
 26417 | Lair:2   | Reached skill level 17 in Long Blades
 26686 | Swamp:1  | Noticed a thorn hunter
 26698 | Swamp:1  | Killed a thorn hunter
 26810 | Swamp:1  | Reached XP level 16. HP: 147/147 MP: 20/20
 27258 | Swamp:1  | Reached skill level 18 in Long Blades
 27696 | Swamp:2  | Received a gift from Trog
 28231 | Swamp:3  | Reached skill level 19 in Long Blades
 28300 | Swamp:3  | Found a snail-covered altar of Cheibriados.
 28627 | Swamp:3  | Received a gift from Trog
 28800 | Swamp:4  | Entered Level 4 of the Swamp
 28904 | Swamp:4  | Received a gift from Trog
 29224 | Swamp:4  | Reached skill level 20 in Long Blades
 29472 | Swamp:4  | Noticed a thorn hunter
 29500 | Swamp:4  | Killed a thorn hunter
 29632 | Swamp:4  | Received a gift from Trog
 29798 | Swamp:4  | Got a decaying rune of Zot
 30156 | Swamp:2  | Reached skill level 21 in Long Blades
 30275 | Snake:1  | Entered Level 1 of the Snake Pit
 30280 | Snake:1  | Reached XP level 17. HP: 154/154 MP: 21/21
 31512 | Snake:2  | Received a gift from Trog
 31763 | Snake:2  | Reached skill level 22 in Long Blades
 32244 | Snake:3  | HP: 57/231 [nagaraja/halberd (2)]
 32250 | Snake:3  | HP: 45/231 [poisoned by a nagaraja (poison arrow)]
 32255 | Snake:3  | HP: 29/154 [poisoned by a nagaraja (poison arrow)]
 32260 | Snake:3  | HP: 28/154 [poisoned by a nagaraja (poison arrow)]
 32266 | Snake:3  | HP: 30/154 [poisoned by a nagaraja (poison arrow)]
 32271 | Snake:3  | HP: 34/154 [poisoned by a nagaraja (poison arrow)]
 32276 | Snake:3  | HP: 38/154 [poisoned by a nagaraja (poison arrow)]
 32868 | Snake:3  | Identified a +2 rod of ignition (9/9) (You found it on level 3 of the Snake Pit)
 32938 | Snake:3  | HP: 54/231 [naga sharpshooter/arrow (8)]
 32942 | Snake:3  | Reached skill level 23 in Long Blades
 32943 | Snake:3  | HP: 47/231 [naga sharpshooter/arrow (4)]
 32945 | Snake:3  | Received a gift from Trog
 32949 | Snake:3  | HP: 34/231 [poisoned by a naga warrior (splash of poison)]
 32954 | Snake:3  | HP: 25/154 [poisoned by a naga warrior (splash of poison)]
 33621 | Snake:4  | Entered Level 4 of the Snake Pit
 33682 | Snake:4  | Received a gift from Trog
 34059 | Snake:4  | Received a gift from Trog
 34148 | Snake:4  | Noticed Aizul
 34162 | Snake:4  | HP: 35/154 [Aizul (14)]
 34165 | Snake:4  | Killed Aizul
 34167 | Snake:4  | HP: 32/154 [poisoned by Aizul (bolt of poison)]
 34172 | Snake:4  | HP: 30/154 [poisoned by Aizul (bolt of poison)]
 34178 | Snake:4  | HP: 30/154 [poisoned by Aizul (bolt of poison)]
 34184 | Snake:4  | HP: 32/154 [poisoned by Aizul (bolt of poison)]
 34189 | Snake:4  | HP: 33/154 [poisoned by Aizul (bolt of poison)]
 34197 | Snake:4  | HP: 37/154 [poisoned by Aizul (bolt of poison)]
 34388 | Snake:4  | Reached XP level 18. HP: 153/161 MP: 7/22
 34490 | Snake:4  | Reached skill level 24 in Long Blades
 34506 | Snake:4  | HP: 40/161 [shock serpent/electric aura (11)]
 34510 | Snake:4  | HP: 16/161 [shock serpent/bolt of electricity (6)]
 34515 | Snake:4  | HP: 10/161 [something (9)]
 35326 | Snake:4  | Received a gift from Trog
 35447 | Snake:4  | Reached skill level 15 in Armour
 36117 | Snake:4  | Got a serpentine rune of Zot
 36293 | Snake:3  | Reached skill level 16 in Armour
 36551 | Vaults:1 | Entered Level 1 of the Vaults
 36789 | Vaults:1 | Got a distressingly furry scale mail
 36917 | Vaults:1 | Identified a scroll of acquirement
 36918 | Vaults:1 | Got a spiked large shield
 36925 | Vaults:1 | Identified the +0 large shield of the Garden {+Blink} (You acquired it on level 1 of the Vaults)
 36935 | Vaults:1 | Identified the +3 scale mail of the Lobster {Str+2} (You found it on level 1 of the Vaults)
 37063 | Vaults:1 | Received a gift from Trog
 37078 | Vaults:1 | Reached skill level 17 in Armour
 37589 | Vaults:1 | Found Rajyxen's General Store.
 37597 | Vaults:1 | Bought a scroll of enchant armour for 97 gold pieces
 37693 | Vaults:1 | Reached skill level 18 in Armour
 38250 | Vaults:2 | Reached XP level 19. HP: 134/168 MP: 7/23
 38271 | Vaults:2 | Found Ohuis's General Store.
 38694 | Vaults:2 | Received a gift from Trog
 38853 | Vaults:2 | Reached skill level 19 in Armour
 39252 | Vaults:3 | Received a gift from Trog
 39271 | Vaults:3 | HP: 34/168 [deep elf knight/long sword (9)]
 39495 | Vaults:3 | Reached skill level 20 in Armour
 39514 | Vaults:3 | Received a gift from Trog
 40197 | Vaults:3 | Reached skill level 21 in Armour
 40375 | Vaults:3 | Received a gift from Trog
 40879 | Vaults:3 | Found a staircase to the Crypt.
 41413 | Vaults:3 | Found Vysup's Distillery.
 41506 | Vaults:4 | Cast into level 3 of the Abyss (vault warden)
 41569 | Abyss:3  | Reached XP level 20. HP: 151/176 MP: 8/24
 41574 | Abyss:3  | Reached skill level 22 in Armour
 41645 | Abyss:4  | Received a gift from Trog
 41976 | Abyss:4  | Received a gift from Trog
 42357 | Abyss:4  | Reached skill level 23 in Armour
 42404 | Abyss:5  | Entered Level 5 of the Abyss
 42498 | Abyss:5  | Paralysed by accursed screaming for 1 turns
 42509 | Abyss:5  | Paralysed by accursed screaming for 1 turns
 42516 | Abyss:5  | Paralysed by accursed screaming for 1 turns
 42612 | Abyss:5  | HP: 31/176 [reaper/scythe of flaming (18)]
 42617 | Abyss:5  | HP: 16/176 [reaper/scythe of flaming (12)]
 42621 | Vaults:4 | Escaped the Abyss
 42622 | Vaults:4 | HP: 33/176 [poisoned by a death drake (dark miasma)]
 42632 | Vaults:4 | HP: 57/264 [vault warden/bardiche of distortion (4)]
 42930 | Vaults:4 | Reached skill level 24 in Armour
 42936 | Vaults:4 | HP: 33/176 [ice dragon/blast of cold (13)]
 43309 | Vaults:4 | Received a gift from Trog
 43644 | Vaults:4 | Found Lepeg's Food Shop.
 43720 | Vaults:4 | HP: 37/176 [yaktaur[a vault warden] (10)]
 43734 | Vaults:4 | HP: 25/176 [vault warden/bardiche of distortion (16)]
 44108 | Vaults:4 | Reached XP level 21. HP: 111/182 MP: 8/25
 44278 | Vaults:4 | Reached skill level 15 in Dodging
 44370 | Vaults:4 | Received a gift from Trog
 45120 | Depths:1 | Entered Level 1 of the Depths
 45243 | Depths:1 | Reached skill level 16 in Dodging
 45402 | Depths:1 | Found Zeha Coy's Quality Used Wands.
 45653 | Depths:1 | Found a gateway to Hell.
 46087 | Depths:1 | Received a gift from Trog
 46382 | Depths:2 | Paralysed by a floating eye for 3 turns
 46390 | Depths:2 | Reached skill level 17 in Dodging
 46418 | Depths:2 | Received a gift from Trog
 46600 | Depths:2 | Found Osi Ryuf's Jewellery Boutique.
 46604 | Depths:2 | Found Uxiphet's Jewellery Shop.
 46605 | Depths:2 | Found Tiagou Aptuo's Magic Scroll Boutique.
 46646 | Depths:2 | Noticed a golden dragon
 46658 | Depths:2 | Killed a golden dragon
 47218 | Depths:2 | Found a one-way gate to the infinite horrors of the Abyss.
 47219 | Depths:2 | Noticed Louise
 47228 | Depths:2 | Killed Louise
 47228 | Depths:2 | Reached skill level 18 in Dodging
 48019 | Depths:3 | Noticed a juggernaut
 48020 | Depths:3 | Noticed a caustic shrike
 48028 | Depths:3 | Killed a caustic shrike
 48037 | Depths:3 | Killed a juggernaut
 48044 | Depths:3 | Noticed a golden dragon
 48048 | Depths:3 | Killed a golden dragon
 48058 | Depths:3 | HP: 42/182 [yaktaur captain/bolt (24)]
 48068 | Depths:3 | HP: 32/182 [stone giant/large rock (18)]
 48255 | Depths:3 | Reached skill level 19 in Dodging
 48265 | Depths:3 | Received a gift from Trog
 48905 | Depths:3 | Got a dazzling arbalest
 48908 | Depths:3 | Reached XP level 22. HP: 177/190 MP: 8/26
 48909 | Depths:3 | Identified the cursed +1 arbalest of a volcano {venom, rF+ rC+ MR+ Str-3} (You found it on level 3 of the Depths)
 49077 | Depths:3 | Paralysed by a hornet for 2 turns
 49226 | Depths:3 | Found a one-way gate leading to the halls of Pandemonium.
 49312 | Depths:2 | Bought a scroll of enchant armour for 90 gold pieces
 49567 | Depths:4 | Paralysed by a floating eye for 4 turns
 49577 | Depths:4 | Paralysed by a floating eye for 4 turns
 49585 | Depths:4 | Paralysed by a floating eye for 4 turns
 49638 | Depths:4 | Paralysed by a floating eye for 4 turns
 49763 | Depths:4 | Paralysed by a floating eye for 2 turns
 49773 | Depths:4 | Paralysed by a floating eye for 2 turns
 49861 | Depths:4 | Reached skill level 20 in Dodging
 50140 | Depths:4 | Reached skill level 10 in Crossbows
 50243 | Depths:4 | Found Amyok's Book Shop.
 50294 | Depths:4 | Found a gateway to a ziggurat.
 50318 | Depths:4 | Paralysed by a floating eye for 4 turns
 50384 | Depths:4 | Received a gift from Trog
 50421 | Depths:5 | Entered Level 5 of the Depths
 50985 | Depths:4 | Reached skill level 11 in Crossbows
 51648 | Depths:5 | Reached skill level 12 in Crossbows
 51887 | Depths:5 | Reached skill level 13 in Crossbows
 52790 | Depths:5 | Found Yluhuhae's Changing Room.
 53061 | Depths:5 | Noticed a golden dragon
 53068 | Depths:5 | Killed a golden dragon
 53068 | Depths:5 | Reached skill level 14 in Crossbows
 53376 | Depths:5 | Found a gate to the Realm of Zot.
 54061 | Depths:2 | Bought an uncursed ring of protection from fire for 500 gold pieces
 54370 | Vaults:5 | Entered Level 5 of the Vaults
 54376 | Vaults:5 | Received a gift from Trog
 54378 | Vaults:5 | Reached skill level 15 in Crossbows
 54378 | Vaults:5 | Reached XP level 23. HP: 155/196 MP: 9/27
 54397 | Vaults:5 | Reached skill level 16 in Crossbows
 54401 | Vaults:5 | Received a gift from Trog
 54529 | Vaults:5 | Noticed an ancient lich
 54573 | Vaults:4 | Killed an ancient lich
 54718 | Vaults:4 | Reached skill level 17 in Crossbows
 55121 | Vaults:5 | Got a shimmering bone ring
 55160 | Vaults:5 | Reached skill level 18 in Crossbows
 55351 | Vaults:5 | Received a gift from Trog
 55616 | Vaults:5 | Received a gift from Trog
 55616 | Vaults:5 | Reached skill level 19 in Crossbows
 55892 | Vaults:5 | Received a gift from Trog
 56098 | Vaults:5 | Got a polished long sword
 56129 | Vaults:5 | Got a transparent bronze amulet
 56130 | Vaults:5 | Identified the cursed ring of Mirth {MR- Str-4 Int+7} (You took it off a fire giant on level 5 of the Vaults)
 56131 | Vaults:5 | Identified the amulet "Wetoanyeji" {Spirit Str+4} (You found it on level 5 of the Vaults)
 56188 | Vaults:5 | Got a silver rune of Zot
 56268 | Vaults:5 | Identified the +6 long sword of Ifaqoemy {slice, rElec rPois} (You found it on level 5 of the Vaults)
 57297 | Elf:1    | Entered Level 1 of the Elven Halls
 57329 | Elf:1    | Found Lopnip's Food Shop.
 57396 | Elf:1    | Reached skill level 20 in Crossbows
 57483 | Elf:1    | Identified the Incunabulum of Creative Combat Magic
 57508 | Elf:1    | Reached XP level 24. HP: 204/204 MP: 27/27
 57536 | Elf:1    | Noticed Nikola
 57563 | Elf:1    | Killed Nikola
 57742 | Elf:1    | Received a gift from Trog
 58161 | Elf:2    | Found Ekhavaux's Distillery.
 58177 | Elf:2    | Bought a potion of cure mutation for 350 gold pieces
 58199 | Elf:2    | Noticed Agnes
 58202 | Elf:2    | Found a magical portal.
 58219 | Elf:2    | Killed Agnes
 58253 | WizLab   | Entered Zonguldrok's Shrine
 58343 | WizLab   | Received a gift from Trog
 58680 | WizLab   | Reached skill level 21 in Crossbows
 58706 | WizLab   | Noticed an antique lich
 58710 | WizLab   | Killed an antique lich
 59311 | Elf:2    | Found a runed gate.
 59311 | Elf:2    | Found a runed gate.
 59312 | Elf:2    | Found a runed gate.
 59394 | Elf:2    | Received a gift from Trog
 59721 | Elf:2    | Reached skill level 22 in Crossbows
 59859 | Elf:3    | Entered Level 3 of the Elven Halls
 60293 | Elf:3    | Gained mutation: You are agile. (Dex +2) [potion of beneficial mutation]
 60423 | Elf:3    | Received a gift from Trog
 60536 | Elf:3    | Reached skill level 23 in Crossbows
 60980 | Elf:3    | Paralysed by an orc sorcerer for 5 turns
 61581 | Elf:3    | Received a gift from Trog
 61609 | Elf:3    | Got a brightly glowing great sword {slice}
 61609 | Elf:3    | Got a faintly glowing great sword {chaos}
 61681 | Elf:3    | Identified Qaxos's Incunabulum of Mutagenic Venom
 61704 | Elf:3    | Got a transparent long sword {chaos}
 61739 | Elf:3    | Got a pair of fine gloves
 61745 | Elf:3    | Identified the cursed +0 pair of gloves of Ruckedgh {rF++ Int-2} (You found it on level 3 of the Elven Halls)
 61819 | Elf:3    | Identified Ywit's Papyrus of the Road Less Travelled
 61823 | Elf:3    | Identified the Papyrus of Icy Stolen Souls
 61839 | Elf:3    | Got a brightly glowing chain mail
 61844 | Elf:3    | Got a fine scale mail
 61845 | Elf:3    | Identified the +12 great sword "Nafokkeu" {slice, *Rage rElec rPois rF++} (You took it off a deep elf demonologist on level 3 of the Elven Halls)
 61846 | Elf:3    | Identified the cursed +1 great sword "Jellyslayer" {chaos, Int+4} (You took it off a deep elf high priest on level 3 of the Elven Halls)
 61847 | Elf:3    | Identified the cursed +1 long sword "Dragonslayer" {chaos, -Tele rElec Int+6} (You took it off a deep elf death mage on level 3 of the Elven Halls)
 61848 | Elf:3    | Identified the +1 scale mail of Kierithi {rPois Int+3 Stlth+} (You found it on level 3 of the Elven Halls)
 61849 | Elf:3    | Identified the +1 chain mail "Xureewn" {rN+++ MR- Int+5} (You found it on level 3 of the Elven Halls)
 62388 | Depths:2 | Bought a scroll of acquirement for 624 gold pieces
 62540 | Zot:1    | Entered Level 1 of the Realm of Zot
 62647 | Depths:5 | Received a gift from Trog
 63072 | Temple   | Entered the Ecumenical Temple
 63319 | D:6      | Fell from the grace of Trog
 63319 | D:6      | Became a worshipper of the Shining One
 63610 | Crypt:1  | Entered Level 1 of the Crypt
 63630 | Crypt:1  | Reached XP level 25. HP: 211/211 MP: 9/27
 63638 | Crypt:1  | Reached * piety under the Shining One
 63747 | Crypt:1  | Reached ** piety under the Shining One
 64204 | Crypt:1  | Reached *** piety under the Shining One
 64382 | Crypt:1  | Reached skill level 24 in Crossbows
 64464 | Crypt:2  | Noticed Sojobo
 64466 | Crypt:2  | Reached **** piety under the Shining One
 64481 | Crypt:2  | Killed Sojobo
 64481 | Crypt:2  | Reached skill level 2 in Invocations
 64531 | Crypt:2  | Reached skill level 3 in Invocations
 64539 | Crypt:2  | Reached ***** piety under the Shining One
 64543 | Crypt:2  | Reached skill level 15 in Fighting
 64739 | Crypt:2  | Reached skill level 4 in Invocations
 64745 | Crypt:2  | HP: 52/213 [spectral frost giant[a curse skull] (8)]
 64750 | Crypt:2  | HP: 18/213 [hill giant/giant spiked club[the rage of Trog] (33)]
 64752 | Crypt:2  | HP: 8/214 [jiangshi (12)]
 64756 | Crypt:2  | HP: 1/214 [jiangshi (7)]
 65430 | Crypt:3  | Entered Level 3 of the Crypt
 65440 | Crypt:3  | Reached skill level 5 in Invocations
 65702 | Crypt:3  | Reached ****** piety under the Shining One
 65968 | Crypt:3  | Got a scintillating granite ring
 65968 | Crypt:3  | Got a crude iron ring
 65977 | Crypt:3  | Identified a +2 rod of ignition (11/11) (You found it on level 3 of the Crypt)
 66092 | Crypt:3  | Reached skill level 6 in Invocations
 66141 | Crypt:3  | Found a staircase to the Tomb.
 66371 | Crypt:3  | Paralysed by Trog for 5 turns
 66533 | Crypt:1  | Reached skill level 16 in Fighting
 66562 | Crypt:1  | HP: 48/212 [spectral golden dragon[a curse skull] (10)]
 66934 | Lair:2   | Identified a +8 triple sword of holy wrath (a +6 triple sword of slicing blessed by the Shining One)
 66934 | Lair:2   | Received a gift from the Shining One
 67445 | Tomb:1   | Entered Level 1 of the Tomb of the Ancients
 67578 | Tomb:1   | Reached skill level 7 in Invocations
 67689 | Tomb:1   | HP: 47/215 [stone giant[the rage of Trog] (22)]
 67689 | Tomb:1   | HP: 17/215 [hill giant/giant spiked club[the rage of Trog] (30)]
 67689 | Tomb:1   | The Shining One protects you from harm!
 68064 | Tomb:1   | Identified the Collected Works on Icy Clay
 68082 | Tomb:1   | Noticed a greater mummy
 68092 | Tomb:1   | HP: 48/215 [mummy priest/divine providence (9)]
 68356 | Tomb:1   | Reached skill level 8 in Invocations
 68435 | Tomb:1   | Killed a greater mummy
 68512 | Tomb:1   | Reached skill level 17 in Fighting
 68684 | Tomb:1   | HP: 39/218 [??? (19)]
 68685 | Tomb:1   | Reached skill level 9 in Invocations
 68931 | Tomb:2   | Noticed a greater mummy
 68932 | Tomb:2   | Noticed a greater mummy
 68932 | Tomb:2   | Noticed an ancient lich
 68932 | Tomb:2   | Noticed a greater mummy
 69198 | Tomb:1   | Killed a greater mummy
 69204 | Tomb:1   | Killed a greater mummy
 69328 | Tomb:2   | Killed a greater mummy
 69334 | Tomb:2   | HP: 53/213 [mummy priest (12)]
 69337 | Tomb:2   | HP: 21/218 [mummy priest (8)]
 69340 | Tomb:2   | Killed an ancient lich
 69340 | Tomb:2   | Reached skill level 10 in Invocations
 69340 | Tomb:2   | HP: 3/217 [lich/lance of force (10)]
 69341 | Tomb:2   | Engulfed by an ushabti's foul pestilence

Vanquished Creatures
  3 ancient liches
  A juggernaut (Depths:3)
  4 greater mummies
  Sojobo (Crypt:2)
  Saint Roka (Orc:2)
  A caustic shrike (Depths:3)
  Nikola (Elf:1)
  4 golden dragons
  Rupert (Lair:3)
  2 tentacled monstrosities (Vaults:5)
  2 liches
  2 deep elf master archers (Elf:3)
  2 deep elf blademasters (Elf:3)
  A quicksilver dragon (Depths:5)
  4 titans (Vaults:5)
  6 sphinxes
  Gastronok (Lair:2)
  2 thorn hunters
  Agnes (Elf:2)
  3 ancient champions
  9 tentacled starspawn
  Frances (D:13)
  2 storm dragons
  9 tengu reavers
  3 shadow dragons
  2 revenants
  14 frost giants
  2 draconian monks (Depths:5)
  10 nagarajas
  7 deep elf sorcerers
  8 fire giants
  Aizul (Snake:4)
  13 vault wardens
  3 iron dragons
  A reaper (Crypt:2)
  Louise (Depths:2)
  9 deep elf elementalists
  4 curse skulls
  5 ghouls
  3 spriggan defenders
  19 ironheart preservers
  3 war gargoyles
  24 stone giants
  2 bennus (Tomb:1)
  10 very ugly things
  The ghost of smilodon the Peltast, a journeyman MiFi of Gozag (D:15)
  A black draconian (Abyss:4)
  7 vampire knights
  8 deep elf demonologists
  10 deep elf annihilators
  A spark wasp (Depths:1)
  A white draconian (Abyss:5)
  2 red draconians (Depths:5)
  2 purple draconians (Depths:5)
  2 yellow draconians (Depths:5)
  2 pale draconians (Depths:5)
  13 ettins
  3 eidola
  15 deep elf death magi
  A quicksilver dragon zombie (Crypt:2)
  A minotaur (Lab)
  7 mummy priests
  13 yaktaur captains
  10 fire dragons
  3 deep elf high priests
  12 ice dragons
  20 hydras
  6 jiangshi
  5 great orbs of eyes
  Erolcha (D:13)
  29 vault guards
  15 naga warriors
  A spriggan air mage (Depths:4)
  A hydra (shapeshifter) (Depths:3)
  9 centaur warriors
  A ghost crab (Swamp:4)
  5 death knights
  7 anacondas
  28 dancing weapons
  8 alligators
  Erica (D:8)
  A satyr (shapeshifter) (Vaults:4)
  A death yak (Lair:5)
  5 deep troll shamans
  11 vampire magi
  6 tengu warriors
  12 deep troll earth magi
  19 death scarabs
  12 ogre magi
  An orc high priest (Orc:2)
  6 spriggan berserkers
  3 soul eaters
  5 hell knights
  11 shock serpents
  11 naga sharpshooters
  13 thrashing horrors
  Nergalle (Lair:2)
  Sonja (D:13)
  3 sun demons
  A sixfirhy (Abyss:4)
  3 iron trolls
  7 wretched stars
  31 deep elf knights
  A golden dragon zombie (Crypt:3)
  4 salamander mystics
  5 shadow wraiths
  22 skeletal warriors
  10 small abominations
  2 spatial maelstroms (Abyss:4)
  2 shambling mangroves
  2 spriggan druids
  21 deep trolls
  6 flayed ghosts
  4 glowing orange brains
  8 sea snakes (Snake:4)
  A death drake (Vaults:4)
  13 swamp dragons
  13 starcursed masses
  18 deep elf archers
  6 unseen horrors
  A shadow demon (Depths:1)
  6 wizards
  14 ironbrand convokers
  A deep troll (shapeshifter) (Elf:3)
  4 naga ritualists
  15 hill giants
  3 lindwurms (Swamp:4)
  Pikel (D:8)
  8 phantasmal warriors
  41 ugly things
  An anaconda skeleton (Crypt:3)
  7 necromancers
  A salamander (shapeshifter) (Vaults:4)
  A wolf spider zombie (D:15)
  An orb spider (shapeshifter) (Vaults:4)
  13 orc knights
  5 mana vipers
  2 orc sorcerers
  88 deep elf magi
  A shadow dragon skeleton (Crypt:2)
  3 wolf spiders
  11 salamanders
  3 manticores
  A frost giant zombie (Crypt:3)
  A stone giant zombie (Vaults:2)
  An iron dragon skeleton (Abyss:3)
  3 worldbinders
  9 elephants
  A manticore (shapeshifter) (Elf:3)
  2 sphinx skeletons
  2 cyclopes
  39 black mambas
  An apocalypse crab (Abyss:5)
  2 fire giant skeletons
  20 naga magi
  2 rust devils
  10 vault sentinels
  10 guardian serpents
  9 gargoyles
  2 orange demons
  Maurice (D:8)
  2 human skeletons (Vaults:2)
  A guardian serpent (shapeshifter) (Vaults:3)
  3 smoke demons
  28 spiny frogs
  3 eyes of devastation (Depths:4)
  A frost giant skeleton (Tomb:1)
  A molten gargoyle (Depths:3)
  An ice statue (IceCv)
  A rime drake (Lair:5)
  A spiny frog (shapeshifter) (Vaults:4)
  A hellion (Depths:5)
  A rime drake (shapeshifter) (Depths:1)
  10 freezing wraiths
  3 ice devils (Depths:1)
  72 yaktaurs
  13 guardian mummies
  9 komodo dragons
  4 ancient zymes
  A red devil (Depths:1)
  2 queen bees (shapeshifter)
  6 tengu conjurers
  A harpy zombie (D:15)
  12 trolls
  4 raiju
  A troll (shapeshifter) (Vaults:5)
  A hydra skeleton (Abyss:3)
  19 polar bears
  A harpy skeleton (Crypt:2)
  A meliai (shapeshifter) (Elf:3)
  14 blink frogs
  8 tyrant leeches
  5 bog bodies
  2 hornets (shapeshifter)
  16 two-headed ogres
  2 ettin zombies
  36 slime creatures
  A dream sheep (shapeshifter) (Elf:3)
  A hippogriff (shapeshifter) (Vaults:4)
  21 hornets
  An iron dragon simulacrum (Abyss:3)
  A meliai zombie (Crypt:2)
  13 hippogriffs
  A frost giant simulacrum (Abyss:4)
  3 spriggans (shapeshifter)
  16 flying skulls
  A stone giant simulacrum (Vaults:2)
  3 air elementals
  6 ynoxinuls
  An alligator skeleton (Tomb:1)
  5 hill giant zombies (WizLab)
  4 ushabtiu
  10 shadows
  19 spriggans
  2 water elementals (Elf:2)
  3 fire elementals
  A human (D:13)
  7 vampires
  A hungry ghost (D:15)
  6 wyverns
  8 wraiths
  A neqoxec (Abyss:5)
  4 golden eyes
  3 chaos spawn
  20 vampire mosquitoes
  3 steam dragons (Depths:5)
  70 yaks
  9 basilisks
  2 basilisks (shapeshifter)
  A warg (shapeshifter) (Vaults:2)
  11 insubstantial wisps
  5 wargs
  24 swamp worms
  A spiny frog zombie (Crypt:3)
  5 acid dragons
  13 water moccasins
  53 nagas
  9 porcupines
  6 large abominations
  13 swamp drakes
  3 floating eyes
  5 ice beasts
  40 orc warriors
  3 swamp dragon zombies (Crypt:3)
  5 black bears
  5 sky beasts
  4 slaves (D:8)
  A spiny frog skeleton (Crypt:3)
  2 phantoms
  9 necrophages
  2 eyes of draining
  21 centaurs
  48 ogres
  43 wolves
  13 crocodiles
  A manticore skeleton (Crypt:2)
  4 big kobolds
  A snapping turtle skeleton (Crypt:3)
  3 human zombies
  6 gnoll sergeants
  26 bullfrogs
  An earth elemental (Elf:2)
  A water moccasin zombie (D:5)
  3 scorpions
  2 water moccasin skeletons
  9 troll zombies (WizLab)
  A queen bee zombie (Crypt:2)
  6 killer bees
  A warg skeleton (Crypt:1)
  2 electric eels
  14 wights
  3 howler monkeys (D:7)
  16 crimson imps
  2 quasits
  8 centaur zombies
  3 hounds
  7 centaur skeletons
  2 jellies
  26 orc priests
  3 iron imps
  21 orc wizards
  2 bullfrog skeletons
  Jessica (D:3)
  3 iguanas
  6 worker ants
  A killer bee zombie (D:7)
  7 ogre zombies
  A dwarf zombie (Crypt:1)
  An acid dragon skeleton (Crypt:1)
  2 hound zombies
  A dwarf skeleton (Crypt:1)
  2 hound skeletons
  19 mummies
  10 gnolls
  2 worker ant zombies
  15 adders
  5 shadow imps
  3 white imps (Depths:1)
  An ufetubus (Abyss:4)
  4 oozes
  An iguana zombie (Crypt:2)
  An adder zombie (Crypt:1)
  A worm (D:2)
  5 leopard geckos
  129 orcs
  A ball python (Snake:2)
  4 giant cockroaches
  6 goblins
  8 hobgoblins
  14 jackals
  12 kobolds
  4 quokkas
  6 bats
  4 frilled lizards
  A frilled lizard skeleton (Crypt:1)
  A giant cockroach zombie (D:6)
  A jackal zombie (D:8)
  A quokka skeleton (D:5)
  A quokka zombie (D:6)
  3 rats
  2 rat skeletons (Crypt:1)
  A briar patch (Swamp:4)
  2 fungi (Lair:6)
  A plant (D:10)
  6 starspawn tentacles
2462 creatures vanquished.

Vanquished Creatures (others)
  A deep elf annihilator (Elf:1)
  19 death scarabs (Tomb:2)
  A deep elf knight (Elf:2)
  A wretched star (Abyss:5)
  A deep elf archer (Elf:1)
  2 deep elf magi (Elf:1)
  A salamander (Snake:4)
  A guardian serpent (Snake:2)
  An ice devil (Depths:4)
  A flying skull (Tomb:2)
  A naga (Snake:2)
  A small abomination (Abyss:5)
  An ogre (Depths:3)
  An orc priest (Vaults:4)
  An orc wizard (Vaults:3)
  A mummy (Tomb:2)
  A ball python (Snake:2)
  4 briar patches (Swamp:4)
  3 bushes (Abyss:3)
  5 demonic plants (Abyss:3)
  14 fungi
  38 plants
  20 starspawn tentacles
120 creatures vanquished.

Grand Total: 2582 creatures vanquished

Action                   |  1- 3 |  4- 6 |  7- 9 | 10-12 | 13-15 | 16-18 | 19-21 | 22-24 | 25-27 || total
-------------------------+-------+-------+-------+-------+-------+-------+-------+-------+-------++-------
Melee: Falchion          |    69 |   120 |   467 |    20 |       |       |       |       |       ||   676
       Headbutt          |    11 |    20 |   100 |   137 |   298 |   418 |   465 |   359 |   208 ||  2016
       Scimitar          |       |       |       |   574 |   784 |       |       |       |       ||  1358
       Demon blade       |       |       |       |       |   342 |   737 |       |       |       ||  1079
       Triple sword      |       |       |       |       |       |   456 |  1257 |  1060 |   560 ||  3333
       Great sword       |       |       |       |       |       |       |       |     5 |    21 ||    26
 Fire: Arbalest          |       |       |       |       |       |     2 |   158 |   533 |    85 ||   778
Throw: Tomahawk          |       |       |       |     4 |       |       |       |       |       ||     4
Invok: Trog's Hand       |       |       |     2 |     4 |     7 |     1 |    10 |     2 |       ||    26
       Berserk           |       |       |     6 |     5 |     6 |     4 |     5 |     2 |       ||    28
       Cleansing Flame   |       |       |       |       |       |       |       |       |     5 ||     5
       Divine Shield     |       |       |       |       |       |       |       |       |     4 ||     4
       Brand Weapon With |       |       |       |       |       |       |       |       |     1 ||     1
 Abil: Evoke Flight      |       |       |       |       |     2 |       |       |       |       ||     2
       Stop Flying       |       |       |       |       |     1 |       |       |       |       ||     1
Evoke: Wand              |       |       |       |       |       |       |       |     3 |       ||     3
  Use: Scroll            |       |     2 |    16 |     7 |    17 |    23 |    10 |    22 |    11 ||   108
       Potion            |       |       |       |       |     4 |     6 |    11 |     3 |     9 ||    33
 Stab: Distracted        |       |       |       |       |     1 |       |       |     1 |       ||     2
       Sleeping          |       |       |       |       |     3 |       |       |       |       ||     3
       Invisible         |       |       |       |       |       |       |     1 |       |       ||     1
  Eat: Chunk             |     1 |     5 |    18 |    21 |    29 |     8 |    16 |    21 |       ||   119
       Fruit             |       |       |     1 |     4 |     3 |       |       |       |       ||     8
       Meat ration       |       |       |       |     1 |     2 |     7 |     6 |     3 |     2 ||    21
       Bread ration      |       |       |       |       |     2 |       |     1 |     4 |     1 ||     8
       Pizza             |       |       |       |       |       |       |       |       |     1 ||     1
Armor: Chain mail        |    40 |    41 |       |    86 |     5 |       |       |       |       ||   172
       Plate armour      |       |    20 |    93 |       |    26 |   547 |   739 |       |       ||  1425
       Scale mail        |       |       |    56 |    75 |   311 |       |       |       |       ||   442
       Gold dragon scale |       |       |       |       |       |       |    13 |   796 |   428 ||  1237
Dodge: Dodged            |    34 |    41 |   147 |   241 |   736 |   781 |  1043 |   879 |   566 ||  4468
Block: Buckler           |       |       |    95 |   108 |   251 |   222 |       |       |       ||   676
       Other             |       |       |       |       |       |       |       |       |    43 ||    43
       Rpst.: Falchion   |    12 |    11 |    46 |       |       |       |       |       |       ||    69
       Scimitar          |       |       |       |    73 |   140 |       |       |       |       ||   213
       Demon blade       |       |       |       |       |    46 |    86 |       |       |       ||   132
       Triple sword      |       |       |       |       |       |    80 |   196 |   154 |   101 ||   531
       Great sword       |       |       |       |       |       |       |       |     3 |     7 ||    10
